3AA
ATHLETIC CLUB KC ACADEMY @ BETHESDA ATOMS
08/16/2037
 
TOP OF THE 1ST
Athletic Club KC Academy batting - Pitching for Bethesda Atoms : RHP Joshua Neal
Pitching: RHP Joshua Neal
Batting: RHB Ali Ben Bongo 0-0: Ball
1-0: Called Strike
1-1: Ball
2-1: Swinging Strike
2-2: Foul Ball, location: 2F
2-2: Foul Ball, location: 2F
2-2: Ball
3-2: DOUBLE (Line Drive, 78XD, EV 107.5 MPH)
Batting: RHB Andy Roarick 0-0: Ball
Ali Ben Bongo steals 3rd base
1-0: Called Strike
1-1: Swinging Strike
1-2: Strikes out swinging
Batting: LHB León Guillén 0-0: Foul Ball, location: 2F
0-1: Ball
1-1: Ball
2-1: Ball
3-1: Called Strike
3-2: Ground out 6-3 (Groundball, 6M, EV 91.2 MPH)
Ali Ben Bongo scores
Batting: RHB Bobby McFillin 0-0: Foul Ball, location: 2F
0-1: Ball
1-1: Foul Ball, location: 2F
1-2: Strikes out swinging
Top of the 1st over - 1 run, 1 hit, 0 errors, 0 left on base; Athletic Club KC Academy 1 - Bethesda 0
BOTTOM OF THE 1ST
Bethesda Atoms batting - Pitching for Athletic Club KC Academy : RHP Kullervo Hostikka
Pitching: RHP Kullervo Hostikka
Batting: RHB Preston Johnston 0-0: Called Strike
0-1: Foul Ball, location: 2F
0-2: Ball
1-2: Ball
2-2: Strikes out swinging
Batting: LHB Sandor Addicks 0-0: Ball
1-0: Called Strike
1-1: Foul Ball, location: 2F
1-2: Ball
2-2: Foul Ball, location: 2F
2-2: Ball
3-2: Base on Balls
Batting: SHB Brian Burt 0-0: Called Strike
0-1: Ball
1-1: Foul Ball, location: 2F
1-2: Foul Ball, location: 2F
1-2: Ball
2-2: Foul Ball, location: 2F
2-2: SINGLE (Line Drive, 56D, EV 100.0 MPH)
Sandor Addicks to second
Batting: LHB Rafael Barrueco 0-0: Ball
1-0: Foul Ball, location: 2F
1-1: Ball
2-1: Ball
3-1: Fly out, F8 (Flyball, 8LD, EV 91.9 MPH)
Batting: RHB Juan Mata 0-0: Ball
1-0: Ball
2-0: Ball
3-0: Called Strike
3-1: Ground out 4-3 (Groundball, 4, EV 104.4 MPH)
Bottom of the 1st over - 0 runs, 1 hit, 0 errors, 2 left on base; Athletic Club KC Academy 1 - Bethesda 0
TOP OF THE 2ND
Athletic Club KC Academy batting - Pitching for Bethesda Atoms : RHP Joshua Neal
Batting: RHB Donald Guegan 0-0: Ball
1-0: Fly out, F8 (Flyball, 8LXD, EV 99.4 MPH)
Batting: RHB Wilton Banks 0-0: Fly out, F7 (Flyball, 78D, EV 85.0 MPH)
Batting: RHB Woody Thomas 0-0: Foul Ball, location: 2F
0-1: Ball
1-1: Foul Ball, location: 2F
1-2: SINGLE (Line Drive, 34D, EV 97.5 MPH)
Batting: RHB Gabriel Camparán 0-0: Ball
1-0: Called Strike
1-1: Foul Ball, location: 2F
1-2: Strikes out swinging
Top of the 2nd over - 0 runs, 1 hit, 0 errors, 1 left on base; Athletic Club KC Academy 1 - Bethesda 0
BOTTOM OF THE 2ND
Bethesda Atoms batting - Pitching for Athletic Club KC Academy : RHP Kullervo Hostikka
Batting: LHB Will Lee 0-0: Called Strike
0-1: Ball
1-1: Swinging Strike
1-2: Ball
2-2: Ball
3-2: Ground out 4-3 (Groundball, 4, EV 103.1 MPH)
Batting: RHB Tomás Gonzáles 0-0: Fly out, F4 (Line Drive, 4, EV 77.5 MPH)
Batting: RHB Wilson Mitchell 0-0: Fly out, F8 (Line Drive, 8RD, EV 91.2 MPH)
Bottom of the 2nd over - 0 runs, 0 hits, 0 errors, 0 left on base; Athletic Club KC Academy 1 - Bethesda 0
TOP OF THE 3RD
Athletic Club KC Academy batting - Pitching for Bethesda Atoms : RHP Joshua Neal
Batting: RHB Rodrigo Sousa 0-0: Ball
1-0: Foul Ball, location: 2F
1-1: Foul Ball, location: 2F
1-2: Strikes out looking
Batting: RHB Ali Ben Bongo 0-0: Ball
1-0: Fly out, F9 (Flyball, 9D, EV 103.1 MPH)
Batting: RHB Andy Roarick 0-0: Called Strike
0-1: Foul Ball, location: 2F
0-2: Foul Ball, location: 2F
0-2: Ball
1-2: Fly out, F5 (Line Drive, 5, EV 64.4 MPH)
Top of the 3rd over - 0 runs, 0 hits, 0 errors, 0 left on base; Athletic Club KC Academy 1 - Bethesda 0
BOTTOM OF THE 3RD
Bethesda Atoms batting - Pitching for Athletic Club KC Academy : RHP Kullervo Hostikka
Batting: RHB Tomas van Noord 0-0: Called Strike
0-1: Ball
1-1: Ground out 5-3 (Groundball, 56S, EV 89.4 MPH)
Batting: RHB Preston Johnston 0-0: Foul Ball, location: 2F
0-1: Foul Ball, location: 2F
0-2: Fly out, F8 (Flyball, 8RM, EV 86.2 MPH)
Batting: LHB Sandor Addicks 0-0: Ball
1-0: Ground out 4-3 (Groundball, 4, EV 91.9 MPH)
Bottom of the 3rd over - 0 runs, 0 hits, 0 errors, 0 left on base; Athletic Club KC Academy 1 - Bethesda 0
TOP OF THE 4TH
Athletic Club KC Academy batting - Pitching for Bethesda Atoms : RHP Joshua Neal
Batting: LHB León Guillén 0-0: Called Strike
0-1: Called Strike
0-2: Ball
1-2: Foul Ball, location: 2F
1-2: Foul Ball, location: 2F
1-2: Strikes out swinging
Batting: RHB Bobby McFillin 0-0: Foul Ball, location: 2F
0-1: Foul Ball, location: 2F
0-2: Ball
1-2: Ball
2-2: Strikes out swinging
Batting: RHB Donald Guegan 0-0: Fly out, F6 (Popup, 6D, EV 64.4 MPH)
Top of the 4th over - 0 runs, 0 hits, 0 errors, 0 left on base; Athletic Club KC Academy 1 - Bethesda 0
BOTTOM OF THE 4TH
Bethesda Atoms batting - Pitching for Athletic Club KC Academy : RHP Kullervo Hostikka
Batting: SHB Brian Burt 0-0: Called Strike
0-1: Foul Ball, location: 2F
0-2: Ground out 5-3 (Groundball, 5, EV 86.9 MPH)
Batting: LHB Rafael Barrueco 0-0: Ball
1-0: Called Strike
1-1: Foul Ball, location: 2F
1-2: Foul Ball, location: 2F
1-2: Ball
2-2: Ground out U3 (Groundball, 3S, EV 77.5 MPH)
Batting: RHB Juan Mata 0-0: Ball
1-0: Called Strike
1-1: Called Strike
1-2: Ball
2-2: Strikes out swinging
Bottom of the 4th over - 0 runs, 0 hits, 0 errors, 0 left on base; Athletic Club KC Academy 1 - Bethesda 0
TOP OF THE 5TH
Athletic Club KC Academy batting - Pitching for Bethesda Atoms : RHP Joshua Neal
Batting: RHB Wilton Banks 0-0: Foul Ball, location: 2F
0-1: Swinging Strike
0-2: Ball
1-2: Ball
2-2: Ball
3-2: Ground out 4-3 (Groundball, 4, EV 90.0 MPH)
Batting: RHB Woody Thomas 0-0: Called Strike
0-1: Ball
1-1: Foul Ball, location: 2F
1-2: Fly out, F9 (Flyball, 9S, EV 85.6 MPH)
Batting: RHB Gabriel Camparán 0-0: Ball
1-0: Called Strike
1-1: Swinging Strike
1-2: Foul Ball, location: 2F
1-2: Foul Ball, location: 2F
1-2: SINGLE (Line Drive, 8RS, EV 98.1 MPH)
Batting: RHB Rodrigo Sousa 0-0: Ball
1-0: Called Strike
1-1: Called Strike
1-2: Ball
2-2: Fly out, F8 (Flyball, 78S, EV 81.9 MPH)
Top of the 5th over - 0 runs, 1 hit, 0 errors, 1 left on base; Athletic Club KC Academy 1 - Bethesda 0
BOTTOM OF THE 5TH
Bethesda Atoms batting - Pitching for Athletic Club KC Academy : RHP Kullervo Hostikka
Batting: LHB Will Lee 0-0: Called Strike
0-1: Ball
1-1: Foul Ball, location: 2F
1-2: Foul Ball, location: 2F
1-2: Ball
2-2: SINGLE (Groundball, 4MD, EV 95.6 MPH)
Batting: RHB Tomás Gonzáles 0-0: Sac Bunt to P - play at first, batter OUT! 1-3
Will Lee to second
Batting: RHB Wilson Mitchell 0-0: Called Strike
0-1: Foul Ball, location: 2F
0-2: Strikes out swinging
Batting: RHB Tomas van Noord 0-0: Ball
1-0: Foul Ball, location: 2F
1-1: Foul Ball, location: 2F
1-2: Ground out 4-3 (Groundball, 34, EV 96.9 MPH)
Bottom of the 5th over - 0 runs, 1 hit, 0 errors, 1 left on base; Athletic Club KC Academy 1 - Bethesda 0
TOP OF THE 6TH
Athletic Club KC Academy batting - Pitching for Bethesda Atoms : RHP Joshua Neal
Batting: RHB Ali Ben Bongo 0-0: SINGLE (Groundball, 56D, EV 102.5 MPH)
Batting: RHB Andy Roarick 0-0: Fly out, F5 (Line Drive, 5, EV 68.8 MPH)
Batting: LHB León Guillén 0-0: Called Strike
0-1: Ball
1-1: Ball
2-1: Foul Ball, location: 2F
2-2: Ball
3-2: 2-RUN HOME RUN (Flyball, 78XD, EV 100.0 MPH), Distance : 402 ft
Batting: RHB Bobby McFillin 0-0: Ball
1-0: Foul Ball, location: 2F
1-1: Fly out, F9 (Flyball, 9S, EV 88.8 MPH)
Batting: RHB Donald Guegan 0-0: Ground out 4-3 (Groundball, 4MS, EV 78.1 MPH)
Top of the 6th over - 2 runs, 2 hits, 0 errors, 0 left on base; Athletic Club KC Academy 3 - Bethesda 0
BOTTOM OF THE 6TH
Bethesda Atoms batting - Pitching for Athletic Club KC Academy : RHP Kullervo Hostikka
Batting: RHB Preston Johnston 0-0: Called Strike
0-1: Ball
1-1: Foul Ball, location: 2F
1-2: Ball
2-2: Ball
3-2: SINGLE (Line Drive, 6M, EV 95.6 MPH)
Batting: LHB Sandor Addicks 0-0: Ball
1-0: Sac Bunt to 23 - play at first, batter OUT! 3-4
Preston Johnston to second
Batting: SHB Brian Burt 0-0: Called Strike
0-1: Ground out 5-3 (Groundball, 56, EV 81.2 MPH)
Batting: LHB Rafael Barrueco 0-0: Called Strike
0-1: Swinging Strike
0-2: Ball
1-2: Foul Ball, location: 2F
1-2: Ball
2-2: Ball
3-2: Base on Balls
Batting: RHB Juan Mata 0-0: Called Strike
0-1: Ball
1-1: Swinging Strike
1-2: Fly out, F9 (Flyball, 89S, EV 83.1 MPH)
Bottom of the 6th over - 0 runs, 1 hit, 0 errors, 2 left on base; Athletic Club KC Academy 3 - Bethesda 0
TOP OF THE 7TH
Athletic Club KC Academy batting - Pitching for Bethesda Atoms : RHP Joshua Neal
Batting: RHB Wilton Banks 0-0: Ball
1-0: Ball
2-0: Called Strike
2-1: Fly out, F9 (Flyball, 9D, EV 74.4 MPH)
Batting: RHB Woody Thomas 0-0: Ball
1-0: Ball
2-0: Foul Ball, location: 9LSF, Error on foul ball, E9
2-1: Ball
3-1: Foul Ball, location: 2F
3-2: Ground out 4-3 (Groundball, 4, EV 83.8 MPH)
Batting: RHB Gabriel Camparán 0-0: Called Strike
0-1: Called Strike
0-2: Foul Ball, location: 2F
0-2: Ball
1-2: Fly out, F9 (Flyball, 9, EV 80.6 MPH)
Top of the 7th over - 0 runs, 0 hits, 1 error, 0 left on base; Athletic Club KC Academy 3 - Bethesda 0
BOTTOM OF THE 7TH
Bethesda Atoms batting - Pitching for Athletic Club KC Academy : RHP Kullervo Hostikka
Batting: LHB Will Lee 0-0: Ball
1-0: Ball
2-0: Called Strike
2-1: SINGLE (Groundball, 4S, EV 74.4 MPH) (infield hit)
Batting: RHB Tomás Gonzáles 0-0: Sac Bunt to 23 - play at first, batter OUT! 3-4
Will Lee to second
Batting: RHB Wilson Mitchell 0-0: Foul Ball, location: 2F
0-1: Fly out, F8 (Line Drive, 8LM, EV 96.9 MPH)
Batting: RHB Tomas van Noord 0-0: Ball
1-0: Foul Ball, location: 2F
1-1: Called Strike
1-2: Ball
2-2: Strikes out swinging, 2-3 out at first.
Bottom of the 7th over - 0 runs, 1 hit, 0 errors, 1 left on base; Athletic Club KC Academy 3 - Bethesda 0
TOP OF THE 8TH
Athletic Club KC Academy batting - Pitching for Bethesda Atoms : RHP Joshua Neal
Pitching: LHP Ben Olsen
Batting: RHB Rodrigo Sousa 0-0: Ball
1-0: Swinging Strike
1-1: Called Strike
1-2: Ball
2-2: Strikes out swinging
Batting: RHB Ali Ben Bongo 0-0: Ball
1-0: Called Strike
1-1: Ball
2-1: Fly out, F3 (Popup, 23F, EV 89.4 MPH)
Batting: RHB Andy Roarick 0-0: Foul Ball, location: 2F
0-1: Ball
1-1: Ball
2-1: Ball
3-1: Base on Balls
Batting: LHB León Guillén 0-0: Ball
1-0: Called Strike
1-1: Ball
2-1: Foul Ball, location: 2F
2-2: Foul Ball, location: 2F
2-2: Foul Ball, location: 2F
2-2: Strikes out swinging
Top of the 8th over - 0 runs, 0 hits, 0 errors, 1 left on base; Athletic Club KC Academy 3 - Bethesda 0
BOTTOM OF THE 8TH
Bethesda Atoms batting - Pitching for Athletic Club KC Academy : RHP Kullervo Hostikka
Now in LF: Gabriel Martínez
Now in RF: David Lozano
Batting: RHB Preston Johnston 0-0: Ball
1-0: Ball
2-0: Ball
3-0: Base on Balls
Pitching: LHP Andrei-Luiz Filoteo
Now in RF: Luis Miguel González
Batting: LHB Sandor Addicks 0-0: Called Strike
0-1: Ball
1-1: Ball
2-1: Fielders Choice at 2nd, 1-4 (Groundball, 15, EV 68.1 MPH)
Batting: SHB Brian Burt 0-0: Ball
1-0: Swinging Strike
1-1: Ball
2-1: Called Strike
2-2: Ball
3-2: DOUBLE (Flyball, 8LXD, EV 100.6 MPH)
Sandor Addicks to third
Batting: LHB Rafael Barrueco 0-0: Ball
1-0: Fly out, F8 (Flyball, 8LM, EV 95.6 MPH)
Runner from 3rd tags up, SCORES, throw by CF
Batting: RHB Juan Mata 0-0: Called Strike
0-1: Ball
1-1: Ball
2-1: Foul Ball, location: 2F
2-2: Ground out 4-3 (Groundball, 4, EV 79.4 MPH)
Bottom of the 8th over - 1 run, 1 hit, 0 errors, 1 left on base; Athletic Club KC Academy 3 - Bethesda 1
TOP OF THE 9TH
Athletic Club KC Academy batting - Pitching for Bethesda Atoms : LHP Ben Olsen
Pitching: RHP Suhaila Zainuddin
Batting: RHB Bobby McFillin 0-0: SINGLE (Flyball, 89M, EV 93.8 MPH)
Batting: RHB Donald Guegan 0-0: Grounds into double play, 6-4-3 (Groundball, 6, EV 81.2 MPH)
Batting: LHB Luis Miguel González 0-0: Ball
1-0: Ball
2-0: Called Strike
2-1: Ball
3-1: Foul Ball, location: 2F
3-2: Foul Ball, location: 2F
3-2: Base on Balls
Batting: RHB Woody Thomas 0-0: SINGLE (Groundball, 56D, EV 103.8 MPH)
Luis Miguel González to second
Batting: RHB Gabriel Camparán 0-0: Foul Ball, location: 2F
0-1: Ball
1-1: Foul Ball, location: 2F
1-2: Strikes out swinging
Top of the 9th over - 0 runs, 2 hits, 0 errors, 2 left on base; Athletic Club KC Academy 3 - Bethesda 1
BOTTOM OF THE 9TH
Bethesda Atoms batting - Pitching for Athletic Club KC Academy : LHP Andrei-Luiz Filoteo
Pitching: LHP Indigo Diaz
Batting: LHB Will Lee 0-0: Ball
1-0: Called Strike
1-1: SINGLE (Line Drive, 56D, EV 95.6 MPH)
Batting: RHB Tomás Gonzáles 0-0: SINGLE (Line Drive, 9S, EV 93.1 MPH)
Will Lee to second
Batting: RHB Wilson Mitchell 0-0: Sac Bunt to 2R - play at first, batter OUT! 2-3
Will Lee to third
Tomás Gonzáles to second
Batting: RHB Tomas van Noord 0-0: Ball
1-0: Foul Ball, location: 2F
1-1: Foul Ball, location: 2F
1-2: Ball
2-2: Ball
3-2: SINGLE (Flyball, 89S, EV 93.8 MPH)
Will Lee scores
Tomás Gonzáles to third
Runner from 3rd tries for Home, SAFE, throw by RF to home
Batting: RHB Preston Johnston 0-0: Ball
1-0: Ball
2-0: Swinging Strike
2-1: SINGLE (Groundball, 56, EV 88.8 MPH) (infield hit)
Tomas van Noord to second
Batting: LHB Sandor Addicks 0-0: Foul Ball, location: 2F
0-1: Foul Ball, location: 2F
0-2: Ball
1-2: Ball
2-2: Foul Ball, location: 2F
2-2: SINGLE (Groundball, 3, EV 78.8 MPH) (infield hit)
Tomas van Noord to third
Preston Johnston to second
Batting: SHB Brian Burt 0-0: Called Strike
0-1: Ball
1-1: Called Strike
1-2: Foul Ball, location: 2F
1-2: Strikes out swinging
Batting: LHB Rafael Barrueco 0-0: Called Strike
0-1: Foul Ball, location: 2F
0-2: Strikes out swinging
Bottom of the 9th over - 2 runs, 5 hits, 0 errors, 3 left on base; Athletic Club KC Academy 3 - Bethesda 3
TOP OF THE 10TH
Athletic Club KC Academy batting - Pitching for Bethesda Atoms : RHP Suhaila Zainuddin
Pitching: LHP Jules Goux
Batting: RHB Rodrigo Sousa 0-0: Ball
1-0: Called Strike
1-1: Swinging Strike
1-2: Foul Ball, location: 2F
1-2: Strikes out swinging
Batting: RHB Ali Ben Bongo 0-0: Ball
1-0: Foul Ball, location: 2F
1-1: Foul Ball, location: 2F
1-2: Ground out 4-3 (Groundball, 34, EV 100.6 MPH)
Batting: RHB Gabriel Martínez 0-0: Called Strike
0-1: Swinging Strike
0-2: SINGLE (Groundball, 56D, EV 95.6 MPH)
Batting: RHB David Lozano 0-0: Called Strike
0-1: Ball
1-1: Ball
2-1: Foul Ball, location: 2F
2-2: Fly out, F8 (Flyball, 8RS, EV 83.1 MPH)
Top of the 10th over - 0 runs, 1 hit, 0 errors, 1 left on base; Athletic Club KC Academy 3 - Bethesda 3
BOTTOM OF THE 10TH
Bethesda Atoms batting - Pitching for Athletic Club KC Academy : LHP Indigo Diaz
Pitching: RHP Vaughan Jones
Batting: RHB Juan Mata 0-0: Fly out, F4 (Popup, 34D, EV 63.8 MPH)
Batting: LHB Will Lee 0-0: Ball
1-0: Foul Ball, location: 2F
1-1: Ball
2-1: Ball
3-1: Base on Balls
Batting: RHB Tomás Gonzáles 0-0: Called Strike
0-1: Swinging Strike
0-2: Fly out, F8 (Flyball, 8RD, EV 101.9 MPH)
Batting: RHB Wilson Mitchell 0-0: Called Strike
0-1: Fielders Choice at 2nd, 5-4 (Groundball, 56, EV 101.9 MPH)
Bottom of the 10th over - 0 runs, 0 hits, 0 errors, 1 left on base; Athletic Club KC Academy 3 - Bethesda 3
TOP OF THE 11TH
Athletic Club KC Academy batting - Pitching for Bethesda Atoms : LHP Jules Goux
Batting: RHB Bobby McFillin 0-0: Called Strike
0-1: Ball
1-1: Swinging Strike
1-2: Ball
2-2: Ball
3-2: Foul Ball, location: 2F
3-2: SOLO HOME RUN (Line Drive, 7D, EV 101.2 MPH), Distance : 377 ft
Batting: RHB Donald Guegan 0-0: Ball
1-0: Foul Ball, location: 2F
1-1: Called Strike
1-2: Ball
2-2: Foul Ball, location: 2F
2-2: Ball
3-2: SINGLE (Groundball, 5D, EV 98.1 MPH)
Batting: LHB Luis Miguel González 0-0: Ball
1-0: Swinging Strike
Donald Guegan is caught stealing 2nd base 2-6
1-1: Fly out, F9 (Flyball, 9S, EV 92.5 MPH)
Batting: RHB Woody Thomas 0-0: Foul Ball, location: 2F
0-1: Foul Ball, location: 2F
0-2: Strikes out swinging
Top of the 11th over - 1 run, 2 hits, 0 errors, 0 left on base; Athletic Club KC Academy 4 - Bethesda 3
BOTTOM OF THE 11TH
Bethesda Atoms batting - Pitching for Athletic Club KC Academy : RHP Vaughan Jones
Batting: RHB Tomas van Noord 0-0: Ground out 6-3 (Groundball, 6, EV 106.9 MPH)
Batting: RHB Preston Johnston 0-0: Ball
1-0: Ball
2-0: Foul Ball, location: 2F
2-1: Foul Ball, location: 2F
2-2: Fly out, F8 (Flyball, 8RD, EV 96.9 MPH)
Batting: LHB Sandor Addicks 0-0: Foul Ball, location: 2F
0-1: Fly out, F8 (Flyball, 89M, EV 88.8 MPH)
Bottom of the 11th over - 0 runs, 0 hits, 0 errors, 0 left on base; Athletic Club KC Academy 4 - Bethesda 3
Thursday, January 23rd, 2020 - OOTP Baseball 20.8 Build 74